 Dungeon Crawl Stone Soup version 0.17.1-3-g152610e (webtiles) character file.

511 dearth the Sneak (level 6, -1/28 HPs)
             Began as a Spriggan Enchanter on Mar 1, 2016.
             Was a Follower of Ashenzari.
             Slain by a big kobold
             ... wielding a +0 dagger
              (6 damage)
             ... in a sewer.
             The game lasted 00:14:51 (3648 turns).

dearth the Sneak (Spriggan Enchanter)               Turns: 3648, Time: 00:14:51

Health: -1/28      AC:  4    Str:  4    XL:     6   Next: 99%
Magic:  9/14       EV: 21    Int: 18    God:    Ashenzari [*.....]
Gold:   113        SH:  0    Dex: 17    Spells: 2 memorised, 9 levels left

rFire  . . .     SeeInvis +     a - +1 dagger (curse)
rCold  . . .     Clarity  .     b - +2 robe (curse)
rNeg   . . .     SustAt   .     (shield restricted)
rPois  .         Gourm    .     (helmet restricted)
rElec  .         Spirit   .     (no cloak)
rCorr  .         Warding  .     (gloves unavailable)
rMut   .         Stasis   .     (boots unavailable)
MR     +....                    (no amulet)
Stlth  ++++......               (no ring)
                                (no ring)

@: very quick, somewhat resistant to hostile enchantments, stealthy
A: unfitting armour, see invisible, herbivore 3, speed 3, slow metabolism 2
a: Scrying, Renounce Religion


You were in a sewer.
You worshipped Ashenzari.
Ashenzari was aware of your devotion.
You were not hungry.

You visited 1 branch of the dungeon, and saw 3 of its levels.
You also visited: Sewer.

You collected 113 gold pieces.

Inventory:

Hand Weapons
 a - a cursed +1 dagger (weapon)
Missiles
 e - 37 stones (quivered)
Armour
 b - a cursed +2 robe (worn)
Jewellery
 j - an uncursed ring of positive energy
Wands
 k - a wand of fireball (14)
 r - a wand of frost (2)
Scrolls
 g - a scroll of recharging
 i - a scroll of identify
 l - a scroll of curse armour
 s - a scroll of remove curse
Potions
 f - a potion of agility {unknown}
 h - 2 potions of heal wounds {unknown}
 m - a potion of ambrosia {unknown}
 n - a potion of cancellation {unknown}
 o - 2 potions of curing {unknown}
 p - 2 potions of haste {unknown}
Books
 c - a book of Maledictions

   Spells                             Type                      Level
   a - Corona                         Hexes                        1
   b - Ensorcelled Hibernation        Hexes/Ice                    2
   c - Confuse                        Hexes                        3
   d - Tukima's Dance                 Hexes                        3
   e - Dazzling Spray                 Conjuration/Hexes            3
 q - a book of Conjurations

   Spells                             Type                      Level
   a - Magic Dart                     Conjuration                  1
   b - Searing Ray                    Conjuration                  2
   c - Dazzling Spray                 Conjuration/Hexes            3
   d - Fulminant Prism                Conjuration/Hexes            4
   e - Iskenderun's Mystic Blast      Conjuration                  4
   f - Iskenderun's Battlesphere      Conjuration/Charms           5
Comestibles
 d - a bread ration


   Skills:
 + Level 3.2 Short Blades
 + Level 5.5 Dodging
 + Level 6.4 Stealth
 + Level 4.7 Spellcasting
 + Level 5.5 Hexes
 + Level 1.6 Evocations


You had 9 spell levels left.
You knew the following spells:

 Your Spells              Type           Power        Failure   Level  Hunger
b - Ensorcelled Hibernat  Hex/Ice        ##....       10%         2    #......
c - Confuse               Hex            ###.....     4%          3    ###....


Dungeon Overview and Level Annotations

Branches:
Dungeon (3/15)

Altars:
Ashenzari
Cheibriados
Fedhas
Nemelex Xobeh
Okawaru
Sif Muna
Trog
Zin


Innate Abilities, Weirdness & Mutations

You are tiny and cannot use many weapons and most armour.
You have supernaturally acute eyesight.
You are a herbivore.
You cover ground extremely quickly.
You need consume almost no food.


Message History

The big kobold misses you.
You closely miss the big kobold.
The big kobold is almost dead.
The big kobold closely misses you.
You closely miss the big kobold.
The big kobold is almost dead.
The big kobold hits you with a dagger.
* * * LOW HITPOINT WARNING * * *
You closely miss the big kobold.
The big kobold is almost dead.
The big kobold completely misses you.
You hit the big kobold.
The big kobold is almost dead.
The big kobold completely misses you.
You barely miss the big kobold.
The big kobold is almost dead.
You barely miss the big kobold.
The big kobold is almost dead.
The big kobold hits you with a dagger.
You die...

#≈≈≈≈≈# #≈≈≈≈.# ##≈.≈##
##≈.≈## #.≈.# #≈≈.# #≈≈≈#
#.≈≈# #...## ##.≈.# #.≈..##
##.(.≈# ## #≈≈≈..#####..≈≈.#
#####≈
##≈.≈...≈≈≈K≈..########≈≈≈≈.
###.≈≈≈.≈≈@.####.≈≈..≈≈###.
##≈..≈≈)≈## #.≈≈.≈≈≈≈# ##
##≈..≈≈.≈####.≈....≈≈###.
≈.##.≈≈.≈≈≈..##.≈≈≈####≈≈.†≈
..≈≈≈.≈.≈.≈..≈.≈..## #####≈
..≈....≈..≈≈...≈≈## ##
≈≈≈.≈≈..∩..≈≈..≈≈#
≈.≈.≈≈.....≈≈.≈≈≈#
≈≈...≈≈.∩...≈..≈≈#


You could see a big kobold.

Vanquished Creatures
  Grinder (D:3)
  Sigmund (D:2)
  Natasha (thrice) (D:2)
  3 adders (Sewer)
  A river rat (D:3)
  An ooze (Sewer)
  3 worms
  2 giant geckos (D:3)
  2 ball pythons
  9 bats
  2 giant cockroaches (D:1)
  6 hobgoblins
  11 jackals
  10 kobolds
  3 giant newts
  4 goblins
  16 rats
78 creatures vanquished.

Notes
Turn   | Place    | Note
--------------------------------------------------------------
     0 | D:1      | dearth the Spriggan Enchanter began the quest for the Orb.
     0 | D:1      | Reached XP level 1. HP: 9/9 MP: 5/5
   204 | D:1      | Reached XP level 2. HP: 7/13 MP: 7/7
   619 | D:1      | Learned a level 2 spell: Ensorcelled Hibernation
  1042 | D:1      | Reached XP level 3. HP: 16/16 MP: 8/8
  1060 | D:1      | Learned a level 3 spell: Confuse
  1461 | D:2      | Found a shattered altar of Ashenzari.
  1818 | D:2      | Noticed Sigmund
  1838 | D:2      | Killed Sigmund
  1838 | D:2      | Reached skill level 5 in Stealth
  1838 | D:2      | Reached XP level 4. HP: 15/21 MP: 9/11
  1838 | D:2      | Reached XP level 5. HP: 17/24 MP: 9/12
  1870 | D:2      | Became a worshipper of Ashenzari the Shackled
  2056 | D:2      | Found a sparkling altar of Nemelex Xobeh.
  2056 | D:2      | Found a glowing silver altar of Zin.
  2057 | D:2      | Found a blossoming altar of Fedhas.
  2115 | D:2      | Found a bloodstained altar of Trog.
  2130 | D:2      | Noticed Natasha
  2135 | D:2      | Killed Natasha
  2234 | D:2      | Reached skill level 6 in Stealth
  2354 | D:2      | Found a deep blue altar of Sif Muna.
  2354 | D:2      | Found an iron altar of Okawaru.
  2401 | D:2      | Noticed Natasha
  2419 | D:2      | Killed Natasha
  2419 | D:2      | Reached skill level 5 in Hexes
  2812 | D:2      | Noticed Natasha
  2817 | D:2      | Killed Natasha
  2940 | D:3      | Noticed Grinder
  2963 | D:3      | Killed Grinder
  2963 | D:3      | Reached skill level 5 in Dodging
  2963 | D:3      | Reached skill level 1 in Evocations
  2963 | D:3      | Reached XP level 6. HP: 19/28 MP: 6/13
  3066 | D:3      | Reached * piety under Ashenzari
  3094 | D:3      | Found a snail-covered altar of Cheibriados.
  3119 | D:3      | Found a glowing drain.
  3155 | Sewer    | Entered a sewer
  3648 | Sewer    | Slain by a big kobold

Action                   |  1- 3 |  4- 6 || total
-------------------------+-------+-------++-------
Melee: Dagger            |   161 |   192 ||   353
 Cast: Ensorcelled Hiber |       |     3 ||     3
       Confuse           |       |     7 ||     7
  Use: Scroll            |       |     8 ||     8
 Stab: Sleeping          |     7 |    13 ||    20
       Confused          |       |     2 ||     2
       Distracted        |       |     1 ||     1
  Eat: Pizza             |       |     1 ||     1
